 Dungeon Crawl Stone Soup version 0.19-a0-1899-g2d93087 (webtiles) character file.

131 dobroeutro the Bolt Thrower (level 5, -14/42 HPs)
             Began as a Formicid Hunter on Oct 19, 2016.
             Killed from afar by an orc (20 damage)
             ... with a wand of lightning
             ... on level 3 of the Dungeon.
             The game lasted 00:05:08 (2836 turns).

dobroeutro the Bolt Thrower (Formicid Hunter)       Turns: 2836, Time: 00:05:08

Health: -14/42     AC:  9    Str: 16    XL:     5   Next: 37%
Magic:  5/5        EV:  7    Int: 11    God:
Gold:   102        SH:  3    Dex: 12    Spells: 0 memorised, 4 levels left

rFire  . . .     SeeInvis +     b - +0 short sword
rCold  . . .     Gourm    .     m - +0 chain mail
rNeg   + . .     Faith    .     (no shield)
rPois  .         Spirit   .     (helmet unavailable)
rElec  .         Reflect  +     (no cloak)
rCorr  .         Harm     .     i - +0 pair of gloves
MR     +....                    (no boots)
Stlth  ..........               n - +3 amulet of reflection
                                o - ring of protection from magic
                                s - ring of positive energy

@: no status effects
A: permanent stasis, dig shafts and tunnels, four strong arms, antennae 3
a: Dig, Shaft Self


You were on level 3 of the Dungeon.
You were near starving.

You visited 1 branch of the dungeon, and saw 4 of its levels.

You collected 102 gold pieces.

Inventory:

Hand Weapons
 a - a +1 hand crossbow
 b - a +0 short sword (weapon)
Missiles
 d - 22 bolts
Armour
 c - a +0 leather armour
 i - a +0 pair of gloves (worn)
 m - a +0 chain mail (worn)
Jewellery
 n - a +3 amulet of reflection (around neck)
 o - a ring of protection from magic (right hand)
 s - a ring of positive energy (left hand)
Scrolls
 g - a scroll of remove curse
 k - 2 scrolls of enchant armour {unknown}
 p - a scroll of magic mapping {unknown}
 q - a scroll of recharging {unknown}
 r - a scroll of identify {unknown}
 t - a scroll of amnesia {unknown}
Potions
 e - a potion of flight {unknown}
 j - a potion of curing
 l - a potion of magic {unknown}
Comestibles
 f - 5 bread rations
 h - 2 meat rations
 u - a beef jerky


   Skills:
 + Level 3.7 Fighting
 + Level 2.1 Short Blades
 + Level 4.6 Crossbows
 + Level 1.5 Armour
 - Level 1.7 Dodging
 - Level 1.2 Stealth


You had 4 spell levels left.
You didn't know any spells.

Dungeon Overview and Level Annotations

Branches:
Dungeon (4/15)
 Temple: D:4-7

Altars:
Makhleb
Qazlal
Ru
Yredelemnul


Innate Abilities, Weirdness & Mutations

You are under a permanent stasis effect.
You can dig through walls and to a lower floor.
Your four strong arms can wield two-handed weapons with a shield.
You have a pair of large antennae on your head. (SInv)


Message History

Ouch! That really hurt!
It is a wand of lightning.
Found a stormy altar of Qazlal.
Found a fizzy blue potion.
Found a basalt altar of Yredelemnul.
The orc zaps a wand.
The bolt of lightning hits you!
* * * LOW HITPOINT WARNING * * *
An orc comes into view.
You are too injured to fight recklessly!
You are too injured to fight recklessly!
You are too injured to fight recklessly!
You are too injured to fight recklessly!
You are too injured to fight recklessly!
You are too injured to fight recklessly!
You are too injured to fight recklessly!
You are too injured to fight recklessly!
You are too injured to fight recklessly!
You are too injured to fight recklessly!
You are too injured to fight recklessly!
The orc zaps a wand.
The bolt of lightning hits you!
You die...

.................
................#
................+
.................#.#
..................#.#
...................#.# ###.
...................#.######...
.....................>......#
..............@.............#
..........o.................#
.............#####.<........###
.............# #..........#<.
.............# #..........###
......o...?..# #..........# #
._...........# #.........####
.............# #.........'...
.............# #.........####


You could see an orc.

Vanquished Creatures
  A howler monkey (D:2)
  3 adders
  An adder skeleton (D:4)
  2 dart slugs
  3 leopard geckos
  An orc (D:4)
  6 bats (D:1)
  3 giant cockroaches (D:1)
  6 hobgoblins
  8 kobolds
  A ball python (D:1)
  3 frilled lizards
  10 goblins
  5 rats
53 creatures vanquished.

Notes
Turn   | Place    | Note
-------+----------+-------------------------------------------
     0 | D:1      | dobroeutro the Formicid Hunter began the quest for the Orb.
     0 | D:1      | Reached XP level 1. HP: 16/16 MP: 1/1
   356 | D:1      | Reached XP level 2. HP: 23/23 MP: 2/2
   749 | D:1      | Reached XP level 3. HP: 26/29 MP: 3/3
  1210 | D:1      | Reached skill level 1 in Short Blades
  1424 | D:2      | You fall through a shaft for 2 floors!
  1604 | D:3      | HP: 1/29 [adder (4)]
  1605 | D:3      | Reached XP level 4. HP: 1/35 MP: 4/4
  1805 | D:3      | Found a sacrificial altar of Ru.
  1806 | D:3      | Found a burning altar of Makhleb.
  1834 | D:4      | Noticed a phantom
  1897 | D:2      | Reached skill level 1 in Armour
  1897 | D:2      | Reached XP level 5. HP: 3/41 MP: 5/5
  2827 | D:3      | Found a stormy altar of Qazlal.
  2828 | D:3      | Found a basalt altar of Yredelemnul.
  2836 | D:3      | Killed from afar by an orc

Vault maps used:
D:1:      minmay_arrival_stair_chambers
D:3:      grunt_temple_overflow_open, portal_sewer_entry_e
D:4:      kennysheep_big_flooded_room, lemuel_doored_altar, first_bread,
          uniq_edmund

Skill      XL: |  1  2  3  4  5 |
---------------+----------------+-----
Fighting       | 3 |  3.7
Short Blades   | 1 2 |  2.1
Armour         | 1 |  1.5
Crossbows      | |  4.6
Dodging        | |  1.7
Stealth        | |  1.2

Action                   |  1- 3 |  4- 6 || total
-------------------------+-------+-------++-------
Melee: Short sword       |   117 |    75 ||   192
 Fire: Hand crossbow     |       |    15 ||    15
 Abil: Dig               |       |     3 ||     3
  Use: Potion            |       |     2 ||     2
       Scroll            |       |     1 ||     1
 Stab: Sleeping          |     1 |       ||     1
  Eat: Chunk             |     2 |     3 ||     5
Armor: Leather armour    |    32 |       ||    32
       Chain mail        |    37 |    65 ||   102
Dodge: Dodged            |    50 |    40 ||    90
Block: Other             |     5 |    12 ||    17
